 Dungeon Crawl Stone Soup version 0.31.0-9-g3a7656b989 (webtiles) character file.

Game seed: 10851023997977751371

66 qw the Shooter (level 3, 0/18 HPs)
             Began as a Spriggan Hunter on Feb 2, 2024.
             Slain by a kobold
             ... wielding a +0 club
              (4 damage)
             ... on level 2 of the Dungeon.
             The game lasted 00:00:04 (948 turns).

qw the Shooter (Spriggan Hunter)                     Turns: 948, Time: 00:00:04

Health: 0/18       AC:  2    Str:  7    XL:     3   Next: 96%
Magic:  4/4        EV: 19    Int: 10    God:
Gold:   56         SH:  0    Dex: 20    Spells: 2/2 levels left

rFire   . . .        a - +0 shortbow
rCold   . . .        (shield currently unavailable)
rNeg    . . .        c - +0 robe
rPois   .            (helmet restricted)
rElec   .            (no cloak)
rCorr   .            (gloves unavailable)
SInv    +            (boots unavailable)
Will    .....        (no amulet)
Stlth   ++           (no ring)
HPRegen 0.23/turn    (no ring)
MPRegen 0.09/turn

%: no passive effects
@: very quick
A: very small, no large weapons, unfitting armour, see invisible, speed 3
a: no special abilities


You were on level 2 of the Dungeon.
You visited 1 branch of the dungeon, and saw 2 of its levels.

You collected 56 gold pieces.


Innate Abilities, Weirdness & Mutations

You are very small and have problems with some larger weapons.
You are too small for most types of armour.
You have supernaturally acute eyesight. (SInv)
You cover ground extremely quickly. (Speed+++)


   Skills:
 - Level 1.5 Fighting
 - Level 5.0 Ranged Weapons
 + Level 4.2 Dodging
 - Level 1.5 Stealth


You had 2 spell levels left.
You didn't know any spells.
Your spell library was empty.

Inventory:

Hand Weapons
 a - a +0 shortbow (weapon)
Armour
 c - a +0 robe (worn)
Scrolls
 b - a scroll of noise {unknown}
Potions
 g - a potion of degeneration {unknown}
 h - a potion of attraction {unknown}

Dungeon Overview and Level Annotations

Branches:
Dungeon (2/15)

Altars:

Shops:
D:1 [


Message History

The ribbon worm is severely wounded.
The ribbon worm expels a string of sticky webbing.
The stream of webbing hits you but does no damage.
You are caught in a web!
You struggle to detach yourself from the web.
An adder comes into view.
The web tears apart.
The ribbon worm misses you.
You shoot an arrow. The adder hisses angrily.
The arrow hits the ribbon worm.
The ribbon worm is severely wounded.
The kobold closely misses you. The ribbon worm misses you.
You shoot an arrow. The arrow hits the ribbon worm.
The ribbon worm is almost dead.
The kobold closely misses you. The ribbon worm misses you.
You shoot an arrow.
The arrow barely misses the ribbon worm.
The kobold misses you. The ribbon worm completely misses you.
You shoot an arrow.
The arrow completely misses the ribbon worm.
The kobold hits you with a +0 club. The kobold completely misses you.
The ribbon worm bites you.
You shoot an arrow. The arrow hits the ribbon worm.
The ribbon worm is almost dead.
The kobold hits you with a +0 club.
You shoot an arrow.
The arrow barely misses the ribbon worm.
The ribbon worm expels a string of sticky webbing.
The stream of webbing hits you but does no damage.
You are caught in a web!
The kobold hits you but does no damage.
The web tears apart.
The ribbon worm closely misses you. The kobold closely misses you.
You shoot an arrow. The arrow hits the ribbon worm.
The ribbon worm is almost dead.
The ribbon worm bites you! The kobold closely misses you.
You shoot an arrow. The arrow hits the ribbon worm.
You kill the ribbon worm!
The kobold hits you with a +0 club.
You die...

# .#.##### .. .. .. . #
.# # . .###.###.#####
.... ....#...# ..#
#...>..###
####S.##.##........#
#..@K.......).......
#.###.#####........#
#.# # #.##...### #.#
..##...# #.# #.###.##
## #######.#### #.# #.#
.
.........(.######.###.#
#
#######............>#.#
# ####.#####......#


You could see an adder and a kobold.

Vanquished Creatures
  An adder (D:2)
  A ribbon worm (D:2)
  3 dart slugs (D:1)
  3 ball pythons
  3 endoplasms (D:1)
  2 giant cockroaches
  3 goblins (D:1)
  7 hobgoblins (D:1)
  9 jackals
  3 kobolds
  A quokka (D:2)
  4 bats
  2 frilled lizards
  4 rats
46 creatures vanquished.

Notes
Turn   | Place    | Note
-------+----------+-------------------------------------------
     0 | D:1      | qw the Spriggan Hunter began the quest for the Orb.
     0 | D:1      | Reached XP level 1. HP: 10/10 MP: 2/2
     0 | D:1      | 0 ||| qw: Version: 0.3-a-155-g5e7d8dd
     0 | D:1      | 0 ||| qw: Game counter: 2036
     0 | D:1      | 0 ||| qw: Melee chars always use a shield: true
     0 | D:1      | 0 ||| qw: God list: Okawaru
     0 | D:1      | 0 ||| qw: Allow faded altars: false
     0 | D:1      | 0 ||| qw: Do Orc after clearing Dungeon:15 true
     0 | D:1      | 0 ||| qw: Do second Lair branch before Depths: true
     0 | D:1      | 0 ||| qw: Lair rune preference: random
     0 | D:1      | 0 ||| qw: Goals: Normal
     0 | D:1      | 0 ||| PLANNING D:1-11
    16 | D:1      | 16 ||| RETREEEEATING.
    26 | D:1      | Reached skill level 3 in Dodging
    38 | D:1      | Reached XP level 2. HP: 6/14 MP: 3/3
   150 | D:1      | 150 ||| RETREEEEATING.
   346 | D:1      | Reached XP level 3. HP: 18/18 MP: 4/4
   411 | D:1      | Found Nofyem's Armour Shop.
   418 | D:1      | 418 ||| SHOPLISTING +0 cloak of poison resistance (119
                  | gold, have 43).
   418 | D:1      | 418 ||| SHOPLISTING +2 cloak "Uroex" {rElec rF+} (497 gold,
                  | have 43).
   656 | D:1      | Found a faded altar of an unknown god.
   705 | D:1      | 705 ||| READING scroll labelled ZIGUHI VIX QUA.
   706 | D:1      | 706 ||| READING scroll labelled YNOIFO PEGOLUA.
   706 | D:1      | 706 ||| IDENTIFYING red potion
   707 | D:1      | 707 ||| DROPPING scroll of butterflies.
   708 | D:1      | 708 ||| DROPPING potion of ambrosia.
   772 | D:2      | Reached skill level 5 in Ranged Weapons
   947 | D:2      | HP: 4/18 [ribbon worm (7)]
   948 | D:2      | Slain by a kobold

Levels and vault maps discovered:
D:1:      psy_arrival_terrarium, layout_loops_ring, serial_glass,
          glass_columns_a, glass_columns_b, glass_columns_b, glass_columns_a,
          glass_columns_a, glass_columns_a,
          shapermc_ecumenical_altar_mp_vishouse, serial_shops,
          nicolae_shop_statue_plus, nicolae_concentric_dashed_squares_mild
D:2:      layout_loops_ring

Skill      XL: |  1  2  3 |
---------------+----------+-----
Dodging        | 3 4 |  4.2
Ranged Weapons | 5 |  5.0
Fighting       | |  1.5
Stealth        | |  1.5

Action                     || total
---------------------------++-------
   Fire: Shortbow          ||   129
    Use: Scroll            ||     2
 Armour: Robe              ||    22
  Dodge: Dodged            ||    88

Table legend:
 A = Non-vault XP
 B = Vault XP
 C = Vault XP percentage of total XP
 D = Non-vault monster count
 E = Vault monster count
 F = Vault count percentage of total count
                 A         B        C        D         E       F
            +---------+---------+-------+---------+---------+-------
      Total |     100 |       0 |   0.0 |      46 |       0 |   0.0
            +---------+---------+-------+---------+---------+-------
        D:1 |      69 |       0 |   0.0 |      35 |       0 |   0.0
        D:2 |      31 |       0 |   0.0 |      11 |       0 |   0.0
            +---------+---------+-------+---------+---------+-------
